 Dungeon Crawl Stone Soup version 0.27-a0-1071-ga85bd9520d (webtiles) character file.

Game seed: 12267709753533248598

23 senseless the Insei (level 2, 0/18 HPs)
             Began as an Octopode Transmuter on Apr 24, 2021.
             Was a Believer of Jiyva.
             Slain by an adder (3 damage)
             ... on level 2 of the Dungeon.
             The game lasted 00:02:07 (909 turns).

senseless the Insei (Octopode Transmuter)            Turns: 909, Time: 00:02:07

Health: 0/18       AC:  1    Str:  9    XL:     2   Next: 95%
Magic:  5/5        EV: 13    Int: 15    God:    Jiyva [**....]
Gold:   7          SH:  0    Dex: 12    Spells: 4/5 levels left

rFire    . . .     SeeInvis .     - Unarmed
rCold    . . .     Faith    .   (no shield)
rNeg     . . .     Spirit   .   (helmet currently unavailable)
rPois    .         Reflect  .   (no amulet)
rElec    .         Harm     .   (no ring)
rCorr    .         Rampage  .   (no ring)
Will     .....                  (no ring)
Stlth    ++........             (no ring)
HPRegen  0.06/turn              (no ring)
MPRegen  0.09/turn              (no ring)
                                (no ring)
                                (no ring)

@: lethally poisoned (0 -> -3), appendages (expiring)
A: tentacle spike 3, almost no armour, amphibious, 8 rings, camouflage 1,
gelatinous body 1, (nimble swimmer 1), tentacles
a: End Transformation, Renounce Religion, Request Jelly


You were on level 2 of the Dungeon.
You worshipped Jiyva.
Jiyva was pleased with you.
One of your tentacles had grown a beastly spike.
You visited 1 branch of the dungeon, and saw 2 of its levels.

You collected 7 gold pieces.

Inventory:

Scrolls
 a - 3 scrolls of holy word {unknown}
Potions
 b - a potion of resistance {unknown}
 c - 2 potions of heal wounds {unknown}


   Skills:
 + Level 1.0 Fighting
 + Level 2.1 Dodging
 + Level 3.6 Unarmed Combat
 + Level 2.3 Spellcasting
 + Level 2.0 Transmutations


You had 4 spell levels left.
You knew the following spells:

 Your Spells              Type           Power      Damage    Failure   Level
a - Beastly Appendage     Tmut           16%        N/A       9%          1

Your spell library contained the following spells:

 Spells                   Type           Power      Damage    Failure   Level
 Wereblood                Tmut           8%         N/A       14%         2
 Magic Dart               Conj           4%         1d3       22%         1
 Searing Ray              Conj           2%         3d3       32%         2
 Spider Form              Tmut/Pois      2%         N/A       38%         3
 Dazzling Flash           Conj/Hex       2%         N/A       54%         3
 Ice Form                 Ice/Tmut       4%         N/A       80%         4
 Fulminant Prism          Conj/Hex       0%         3d6       91%         4
 Iskenderun's Mystic Bla  Conj/Tloc      1%         2d3       91%         4
 Hydra Form               Tmut           4%         N/A       94%         5


Dungeon Overview and Level Annotations

Branches:
Dungeon (2/15)

Altars:
Jiyva


Innate Abilities, Weirdness & Mutations

One of your tentacles has grown a beastly spike.
You cannot wear most types of armour.
You are amphibious.
You can wear up to eight rings at the same time.
Your skin changes colour to match your surroundings (Stealth+).
Your rubbery body absorbs attacks. (AC +1, EV +1)
((You are camouflaged near water. (Stealth+)))
You have tentacles for arms and can constrict up to eight enemies at once.


Message History

You closely miss the ball python. Your grab misses the ball python.
The ball python barely misses you. The ball python constricts you.
You tentacle-slap the ball python.
You kill the ball python!
The adder completely misses you.
You barely miss the adder. Your grab misses the adder.
Your transformation is almost over.
The adder closely misses you. The adder barely misses you.
You miss the adder. Your grab misses the adder.
Your tentacle spike misses the adder.
The adder barely misses you.
You tentacle-slap the adder but do no damage.
Your grab misses the adder.
Your tentacle spike misses the adder.
Your tentacle-slap misses the adder.
Your squeeze misses the adder. The adder closely misses you.
You tentacle-slap the adder. Your grab misses the adder.
The adder is moderately wounded.
The adder closely misses you.
You hear a distant slurping noise.
Jiyva appreciates your sacrifice. The adder bites you.
You barely miss the adder. Your grab misses the adder.
The adder is moderately wounded.
The adder completely misses you.
You miss the adder. Your grab misses the adder.
You pierce the adder.
The adder is moderately wounded.
The adder bites you.
You are poisoned.
The adder poisons you!
You are too injured to fight recklessly!
You are too injured to fight recklessly!
You closely miss the adder. Your grab misses the adder.
The adder is moderately wounded.
You feel sick. The adder bites you.
* * * LOW HITPOINT WARNING * * *
You completely miss the adder. You grab the adder.
The adder is moderately wounded.
You constrict the adder.
* * * LOW HITPOINT WARNING * * *
You feel sick. The adder bites you.
You die...

#####
#...#
#...##
#.†@<#
#..S.#
+...!..
#........
##...$...#
#.#....##
#.###..#
#. ..#


You could see an adder.

Vanquished Creatures
  3 endoplasms (D:1)
  2 goblins (D:1)
  5 hobgoblins (D:1)
  A jackal (D:1)
  2 ball pythons
  4 bats (D:1)
  3 rats (D:1)
20 creatures vanquished.

Notes
Turn   | Place    | Note
-------+----------+-------------------------------------------
     0 | D:1      | senseless the Octopode Transmuter began the quest for the
                  | Orb.
     0 | D:1      | Reached XP level 1. HP: 13/13 MP: 3/3
   156 | D:1      | Reached XP level 2. HP: 8/18 MP: 3/5
   321 | D:1      | Found a faded altar of an unknown god.
   331 | D:1      | Became a worshipper of Jiyva Joconiot the Shapeless
   331 | D:1      | Reached * piety under Jiyva
   905 | D:2      | Reached ** piety under Jiyva
   909 | D:2      | Slain by an adder

Illustrated notes

Levels and vault maps discovered:
D:1:      evilmike_arrival_plus, layout_rooms,
          hellmonk_ecumenical_altar_run_dry, minmay_indecisive_spiral
D:2:      layout_basic, uniq_natasha

Action                   || total
-------------------------++-------
Melee: Unarmed           ||    43
       Constrict         ||    12
       Kick              ||     8
       Tentacles         ||     4
 Cast: Beastly Appendage ||    13
 Stab: Sleeping          ||     2
Armor: Skin              ||     3
Dodge: Dodged            ||    27

Table legend: (Time is in decaauts)
 A = Elapsed time spent in this place.
 B = Non-inter-level travel time spent in this place.
 C = Inter-level travel time spent in this place.
 D = Time resting spent in this place.
 E = Time spent auto-exploring this place.
 F = Levels seen in this place.
 G = Mean time per level.
                   A        B        C        D        E       F      G
               +--------+--------+--------+--------+--------+-----+--------+
         Total |    906 |    899 |      7 |      0 |    791 |   2 |  453.0 |
       Dungeon |    906 |    899 |      7 |      0 |    791 |   2 |  453.0 |
               +--------+--------+--------+--------+--------+-----+--------+

Top non-repeatable levels by time:
     D:1: 894 daAuts
     D:2: 11 daAuts
